 Dungeon Crawl Stone Soup version 0.29.0-7-g18a832c13a (webtiles) character file.

Game seed: 17233710624282544236

34 SensoryNuts the Chiller (level 3, -5/24 HPs)
             Began as a Demonspawn Ice Elementalist on Aug 30, 2022.
             Slain by a gnoll
             ... wielding a +1 flail of venom
              (10 damage)
             ... on level 2 of the Dungeon.
             The game lasted 00:04:45 (1769 turns).

SensoryNuts the Chiller (DsIE)                      Turns: 1769, Time: 00:04:46

Health: -5/24      AC:  3    Str:  7 (8)  XL:     3   Next: 14%
Magic:  6/6        EV: 12    Int: 16 (18) God:
Gold:   44         SH:  0    Dex: 12 (13) Spells: 5/7 levels left

rFire   . . .      SeeInvis .   (no weapon)
rCold   . . .      Faith    .   (no shield)
rNeg    . . .      Spirit   .   a - +0 robe
rPois   .          Reflect  .   (no helmet)
rElec   .          Harm     .   (no cloak)
rCorr   .          Rampage  .   d - +0 pair of gloves
Will    .....                   (no boots)
Stlth   +.........              (no amulet)
HPRegen 0.08/turn               (no ring)
MPRegen 0.10/turn               (no ring)

@: confused, lethally poisoned (-5 -> -15), ambrosia-drunk, attractive
A: demonic magic 1
a: no special abilities


You were on level 2 of the Dungeon.
You visited 1 branch of the dungeon, and saw 3 of its levels.

You collected 44 gold pieces.

Inventory:

Armour
 a - a +0 robe (worn)
 d - a +0 pair of gloves (worn)
Wands
 l - a wand of iceblast (14)
Scrolls
 e - 2 scrolls of teleportation
 k - a scroll of enchant armour {unknown}
 m - a scroll of blinking {unknown}
Potions
 b - a potion of magic


   Skills:
 + Level 1.7 Dodging
 + Level 1.9 Stealth
 + Level 2.5 Spellcasting
 + Level 4.2 Ice Magic


You had 5 spell levels left.
You knew the following spells:

 Your Spells              Type           Power      Damage    Failure   Level
a - Freeze                Ice            60%        1d8       3%          1
b - Sting                 Tmut/Pois      8%         1d3       19%         1

Your spell library contained the following spells:

 Spells                   Type           Power      Damage    Failure   Level
 Frozen Ramparts          Ice            30%        1d5       11%         3
 Ozocubu's Armour         Ice            15%        N/A       11%         3
 Poisonous Vapours        Pois/Air       4%         N/A       30%         2
 Hailstorm                Conj/Ice       8%         3d4       63%         4
 Olgreb's Toxic Radiance  Pois           2%         N/A       89%         4


Dungeon Overview and Level Annotations

Branches:
Dungeon (3/15)

Altars:

Shops:
D:2 [

Annotations:
D:3 Grinder


Innate Abilities, Weirdness & Mutations

Spells you cast may paralyse adjacent enemies.


Message History

The gnoll is heavily wounded.
Malevolent energies surge around you.
The gnoll hits you with a +1 flail of venom.
You are poisoned.
You are too injured to fight recklessly!
You are too injured to fight recklessly!
You are too injured to fight recklessly!
You are too injured to fight recklessly!
You feel sick.
The gnoll is no longer paralysed.
You feel sick.
You can't drink that!
The gnoll attacks as you move away! The gnoll closely misses you.
You feel sick.
It was a potion of cancellation.
You feel magically purged.
You feel sick. The gnoll misses you.
You feel sick.
It was a potion of ambrosia.
You are confused.
You feel invigorated.
You feel sick. The gnoll completely misses you.
It was a potion of degeneration.
There was something very wrong with that liquid.
You feel weakened.
You feel dopey.
You feel clumsy.
You feel sick.
The gnoll hits you with a +1 flail of venom.
You are lethally poisoned!
You bump into the rock wall.
You feel very sick.
The gnoll hits you with a +1 flail of venom.
* * * LOW HITPOINT WARNING * * *
You are more poisoned.
It was a potion of attraction.
You feel attractive to monsters.
* * * LOW HITPOINT WARNING * * *
You feel very sick. The gnoll misses you.
You're too confused to move!
* * * LOW HITPOINT WARNING * * *
You feel very sick.
The gnoll hits you with a +1 flail of venom!
You die...

...########.#
#...#####...###.#
#### #.#
#.#.............#
#.###...#####...#####
#......## #....##
######># #.####
####.# #.# #...g# #.#
#.##g# #.# #.##@# #.#
#.##.# #.# #.##.# #.#
#.##.# #.# #.##.#
#.## #†##.# #..#
#....## ##.# #....>#
#.# #.....# #.#


You could see 2 gnolls.

Vanquished Creatures
  5 endoplasms
  A giant cockroach (D:1)
  5 hobgoblins (D:2)
  2 jackals (D:2)
  4 kobolds
  3 quokkas (D:2)
  3 ball pythons (D:2)
  A frilled lizard (D:1)
  4 rats
28 creatures vanquished.

Notes
Turn   | Place    | Note
-------+----------+-------------------------------------------
     0 | D:1      | SensoryNuts the Demonspawn Ice Elementalist began the quest
                  | for the Orb.
     0 | D:1      | Reached XP level 1. HP: 13/13 MP: 3/3
   233 | D:1      | Learned a level 1 spell: Sting
   253 | D:1      | Found a faded altar of an unknown god.
   549 | D:2      | Gained mutation: Spells you cast may paralyse adjacent
                  | enemies. [demonic ancestry]
   549 | D:2      | Reached XP level 2. HP: 17/19 MP: 1/5
   726 | D:2      | Reached skill level 4 in Ice Magic
  1388 | D:2      | Reached XP level 3. HP: 20/24 MP: 2/6
  1459 | D:2      | Found Eritiac's Antique Armour Shoppe.
  1752 | D:3      | Noticed Grinder
  1769 | D:2      | Slain by a gnoll

Illustrated notes

Levels and vault maps discovered:
D:1:      minmay_arrival_hallway, layout_rooms,
          hellmonk_ecumenical_altar_pennies_from_heaven
D:2:      minmay_chambers_of_ones, layout_loops_ring, serial_shops,
          nicolae_shop_advertising_works [nicolae_subvault_shop_adworks],
          serial_bayou_pond_d
D:3:      layout_rooms, mainiacjoe_overflow_alcove_2, ebering_ghost_inner_flame,
          uniq_sigmund, uniq_terence, uniq_grinder

Skill      XL: |  1  2 |
---------------+-------+-----
Ice Magic      | 4 |  4.2
Dodging        | |  1.7
Stealth        | |  1.9
Spellcasting   | |  2.5

Action                   || total
-------------------------++-------
Melee: Unarmed           ||    11
 Cast: Freeze            ||    46
       Sting             ||     3
  Use: Potion            ||     4
       Scroll            ||     3
 Stab: Sleeping          ||     1
Armor: Robe              ||    13
Dodge: Dodged            ||    28
